[gd_scene load_steps=10 format=2]

[ext_resource path="res://Assets/Buildings/pallet town/rival_home.png" type="Texture" id=1]
[ext_resource path="res://Player.tscn" type="PackedScene" id=2]
[ext_resource path="res://Door.tscn" type="PackedScene" id=3]
[ext_resource path="res://Assets/Buildings/pallet town/mat.png" type="Texture" id=4]

[sub_resource type="RectangleShape2D" id=1]
extents = Vector2( 8, 80 )

[sub_resource type="RectangleShape2D" id=2]
extents = Vector2( 104, 8 )

[sub_resource type="RectangleShape2D" id=3]
extents = Vector2( 24, 8 )

[sub_resource type="RectangleShape2D" id=4]
extents = Vector2( 72, 8 )

[sub_resource type="RectangleShape2D" id=6]
extents = Vector2( 16, 16 )

[node name="OtherHome1Floor" type="Node2D"]

[node name="ColorRect" type="ColorRect" parent="."]
margin_left = -160.0
margin_top = -80.0
margin_right = 368.0
margin_bottom = 240.0
color = Color( 0, 0, 0, 1 )
__meta__ = {
"_edit_use_anchors_": false
}

[node name="TextureRect" type="TextureRect" parent="."]
margin_right = 40.0
margin_bottom = 40.0
texture = ExtResource( 1 )
__meta__ = {
"_edit_use_anchors_": false
}

[node name="Mat" type="TextureRect" parent="."]
margin_left = 40.0
margin_top = 128.0
margin_right = 72.0
margin_bottom = 144.0
texture = ExtResource( 4 )
__meta__ = {
"_edit_use_anchors_": false
}

[node name="StaticBody2D" type="StaticBody2D" parent="."]
collision_layer = 2
collision_mask = 0

[node name="CollisionShape2D" type="CollisionShape2D" parent="StaticBody2D"]
position = Vector2( -8, 80 )
shape = SubResource( 1 )

[node name="CollisionShape2D2" type="CollisionShape2D" parent="StaticBody2D"]
position = Vector2( 216, 80 )
shape = SubResource( 1 )

[node name="CollisionShape2D3" type="CollisionShape2D" parent="StaticBody2D"]
position = Vector2( 104, 24 )
shape = SubResource( 2 )

[node name="CollisionShape2D5" type="CollisionShape2D" parent="StaticBody2D"]
position = Vector2( 24, 152 )
shape = SubResource( 3 )

[node name="CollisionShape2D6" type="CollisionShape2D" parent="StaticBody2D"]
position = Vector2( 136, 152 )
shape = SubResource( 4 )

[node name="CollisionShape2D7" type="CollisionShape2D" parent="StaticBody2D"]
position = Vector2( 112, 80 )
shape = SubResource( 6 )

[node name="YSort" type="YSort" parent="."]

[node name="Player" parent="YSort" instance=ExtResource( 2 )]
position = Vector2( 64, 112 )

[node name="Door" parent="." instance=ExtResource( 3 )]
position = Vector2( 48, 144 )
next_scene_path = "res://Town.tscn"
is_invisible = true
spawn_location = Vector2( -96, 16 )
spawn_direction = Vector2( 0, 1 )
